 Dungeon Crawl Stone Soup version 0.30.1-9-gdf580d7c3d (webtiles) character file.

Game seed: 2944771883038051480

379 bearlyready the Fighter (level 6, -4/62 HPs)
             Began as a Hill Orc Brigand on Oct 11, 2023.
             Slain by Menkaure (9 damage)
             ... on level 5 of the Dungeon.
             The game lasted 00:05:33 (3074 turns).

bearlyready the Fighter (Hill Orc Brigand)          Turns: 3074, Time: 00:05:34

Health: -4/62      AC:  8    Str: 16    XL:     6   Next: 74%
Magic:  8/15       EV:  9    Int: 11    God:
Gold:   139        SH:  0    Dex: 12    Spells: 5/5 levels left

rFire   . . .        k - +0 short sword (venom)
rCold   . . .        (no shield)
rNeg    . . .        j - +0 scale mail of Indemnity {Will+}
rPois   .            i - +0 helmet
rElec   .            c - +0 cloak
rCorr   .            (no gloves)
SInv    +            (no boots)
Will    +....        (no amulet)
Stlth   +            u - ring of see invisible
HPRegen 0.30/turn    F - ring of magical power
MPRegen 0.14/turn

%: no passive effects
@: no status effects
A: no striking features
a: no special abilities


You were on level 5 of the Dungeon.
You visited 1 branch of the dungeon, and saw 5 of its levels.

You collected 139 gold pieces.

Inventory:

Hand Weapons
 a - a +2 dagger
 k - a +0 short sword of venom (weapon)
 B - a +0 dagger of venom
Missiles
 d - 14 poisoned darts (quivered)
 e - 3 curare-tipped darts
 h - a throwing net
 y - 6 boomerangs
 G - 3 javelins
Armour
 c - a +0 cloak (worn)
 i - a +0 helmet (worn)
 j - the +0 scale mail of Indemnity (worn) {Will+}
   (You found it on level 2 of the Dungeon)

   Will:      It increases your willpower.
Jewellery
 u - a ring of see invisible (left hand)
 F - a ring of magical power (right hand)
Wands
 D - a wand of roots (3)
Scrolls
 f - 8 scrolls of teleportation
 l - a scroll of amnesia {unknown}
 o - 5 scrolls of identify
 p - 2 scrolls of poison
 q - 2 scrolls of immolation {unknown}
 C - 2 scrolls of vulnerability {unknown}
Potions
 b - a potion of lignification {unknown}
 g - a potion of curing
 m - 2 potions of magic
 n - a potion of brilliance {unknown}
 r - a potion of berserk rage {unknown}
 s - 2 potions of heal wounds {unknown}
 t - a potion of resistance {unknown}
 v - a potion of cancellation
 w - a potion of mutation {unknown}
 x - a potion of attraction {unknown}
 z - a potion of invisibility {unknown}
 A - a potion of ambrosia {unknown}
 E - a potion of degeneration {unknown}


   Skills:
 + Level 8.4 Fighting
 - Level 2.0 Short Blades
 - Level 1.7 Throwing
 - Level 0.7 Dodging
 - Level 3.2 Stealth


You had 5 spell levels left.
You didn't know any spells.
Your spell library contained the following spells:

 Spells                   Type           Power      Damage    Failure   Level
 Tukima's Dance           Hex            0%         N/A       99%         3
 Passage of Golubria      Tloc           0%         N/A       100%        4
 Yara's Violent Unravell  Hex/Tmut       0%         3d3       100%        5


Dungeon Overview and Level Annotations

Branches:
Dungeon (5/15)
 Temple: D:4-7

Altars:
Ashenzari
Elyvilon
Nemelex Xobeh

Shops:
D:1 [

Annotations:
D:5 Menkaure


Message History

Level annotation: Menkaure
There is a stone staircase leading up here.
Menkaure shouts, "You disturbed my rest!
Die!"
You climb upwards.
There is a stone staircase leading down here.
You climb downwards.
Level annotation: Menkaure
There is a stone staircase leading up here.
Menkaure casts a spell.
Menkaure seems to speed up.
You hit Menkaure.
Menkaure is lightly damaged.
Menkaure hits you!
You hit Menkaure.
Menkaure is moderately damaged.
Menkaure hits you but does no damage.
You hit Menkaure but do no damage.
Menkaure is moderately damaged.
Menkaure hits you!!
You hit Menkaure but do no damage.
Menkaure is moderately damaged.
Menkaure calls on the powers of darkness!
Your body is wracked with pain!
* * * LOW HITPOINT WARNING * * *
You hit Menkaure.
Menkaure is heavily damaged.
Menkaure hits you!
* * * LOW HITPOINT WARNING * * *
It was a potion of cancellation.
You feel magically purged.
Menkaure calls on the powers of darkness!
Your body is wracked with pain!
* * * LOW HITPOINT WARNING * * *
It was a potion of curing.
You feel better. Menkaure hits you but does no damage.
You closely miss Menkaure.
Menkaure is heavily damaged.
Menkaure hits you!
* * * LOW HITPOINT WARNING * * *
Menkaure hits you!
You die...

#########'##
#.........# #<........#
#.........# #.........#
######.........#
#^.......####'##
#......<.#....#
####...)M@..#....#
#...........#....#
#..........[####'#
##......###'###...#
#.......#....†....#
##.......+.........#
#....###.#.........#
##.###...#.........#
#...###.....#..<......#


You could see Menkaure (fast).

Vanquished Creatures
  A black bear (D:5)
  A scorpion (D:4)
  A hound (D:4)
  An orc wizard (D:3)
  4 gnolls (D:2)
  8 adders
  2 worms (D:2)
  3 dart slugs
  6 orcs
  3 endoplasms
  3 giant cockroaches
  4 goblins
  3 hobgoblins
  5 kobolds
  4 quokkas
  3 ball pythons
  5 bats
  3 frilled lizards
  3 rats
63 creatures vanquished.

Notes
Turn   | Place    | Note
-------+----------+-------------------------------------------
     0 | D:1      | bearlyready the Hill Orc Brigand began the quest for the
                  | Orb.
     0 | D:1      | Reached XP level 1. HP: 18/18 MP: 1/1
     5 | D:1      | Found Yzitefeg's Antique Armour Emporium.
    11 | D:1      | Found a faded altar of an unknown god.
    66 | D:1      | Reached skill level 3 in Fighting
   110 | D:1      | Reached XP level 2. HP: 26/26 MP: 2/2
   194 | D:1      | You fall into a shaft and drop 1 floor!
   228 | D:2      | Reached skill level 4 in Fighting
   238 | D:2      | Reached XP level 3. HP: 9/34 MP: 3/3
   387 | D:2      | Reached skill level 5 in Fighting
   407 | D:2      | Reached XP level 4. HP: 34/42 MP: 4/4
   412 | D:2      | Identified the +0 scale mail of Indemnity {Will+}
   997 | D:2      | Found a sparkling altar of Nemelex Xobeh.
  1532 | D:3      | Reached skill level 6 in Fighting
  1702 | D:3      | Reached XP level 5. HP: 48/50 MP: 5/5
  1795 | D:3      | Found a white marble altar of Elyvilon.
  2167 | D:4      | Reached skill level 7 in Fighting
  2167 | D:4      | Reached XP level 6. HP: 49/60 MP: 6/6
  2781 | D:5      | Entered Level 5 of the Dungeon
  2793 | D:5      | Noticed a black bear
  2805 | D:5      | Killed a black bear
  2806 | D:5      | Reached skill level 8 in Fighting
  2945 | D:5      | Found a broken altar of Ashenzari.
  2957 | D:5      | Noticed Menkaure
  3074 | D:5      | Slain by Menkaure

Illustrated notes

Levels and vault maps discovered:
D:1:      roderic_crossed_star, layout_basic, serial_shops, shop,
          chequers_ecumenical_altar_simple_redux, glass_columns_a,
          minmay_misc_feat_five
D:2:      layout_rooms, basic_altar
D:3:      layout_basic, mainiacjoe_overflow_small_starburst,
          amcnicky_mini_corridor_feature
D:4:      layout_cave_pools, kennysheep_generic_room_14
D:5:      layout_gridville, mainiacjoe_overflow_cross_hatched,
          nicolae_ashenzari_panopticon, nicolae_wu_jian_immortal_techniques,
          chequers_temple_overflow_statue_of_worship, uniq_menkaure

Skill      XL: |  1  2  3  4  5  6 |
---------------+-------------------+-----
Fighting       | 3 4 5 6 7 8 |  8.4
Short Blades   | |  2.0
Throwing       | |  1.7
Dodging        | |  0.7
Stealth        | |  3.2

Action                     |  1- 3 |  4- 6 || total
---------------------------+-------+-------++-------
  Melee: Dagger            |    71 |    11 ||    82
         Punch             |     1 |     5 ||     6
         Short sword       |       |   170 ||   170
    Use: Scroll            |       |     3 ||     3
         Potion            |       |     2 ||     2
   Stab: Sleeping          |     2 |       ||     2
 Armour: Robe              |     9 |       ||     9
         Scale mail        |       |    93 ||    93
  Dodge: Dodged            |    23 |    89 ||   112
